[Event "Early-Titled-Tuesday-Blitz-December-26-2023"]
[Site "Chess.com"]
[Date "2023.12.26"]
[Round "1"]
[White "Statham_l3"]
[Black "JAN2404"]
[Result "1-0"]
[WhiteElo "2555"]
[BlackElo "1945"]
[TimeControl "180+1"]
[EndTime "8:04:49 PST"]
[Termination "Statham_l3 won by resignation"]

1. e4 c5 2. Nf3 d6 3. d4 cxd4 4. Nxd4 Nf6 5. Nc3 Nc6 6. Be3 Ng4 7. Bb5 Qc7 8. Nd5 Qd7 9. Nb4 Nge5 10. f4 a6 11. fxe5 axb5 12. Nd5 Nxd4 13. Qxd4 dxe5 14. Qxe5 f6 15. Nxf6+ gxf6 16. Qh5+ Kd8 17. Bb6+ 1-0

[Event "Early-Titled-Tuesday-Blitz-December-26-2023"]
[Site "Chess.com"]
[Date "2023.12.26"]
[Round "1"]
[White "SamCopeland"]
[Black "Mikhail_Golubev"]
[Result "0-1"]
[WhiteElo "2281"]
[BlackElo "2620"]
[TimeControl "180+1"]
[EndTime "8:04:51 PST"]
[Termination "Mikhail_Golubev won by resignation"]

1. e4 c5 2. Nf3 d6 3. d4 Nf6 4.
Nc3 cxd4 5. Nxd4 Nc6 6. f3 e5 7. Nb3 Be7 8. Be3 O-O 9. Qd2 a5 10. a4 Be6 11. Nd5 Bxd5 12. exd5 Nb4 13. c4 b6 14. Be2 Nh5 15. O-O f5 16. f4 Nxf4 17. Bxf4 exf4 18. Nd4 f3 19. Bxf3 Bg5 20. Qc3 Bf6 21.
Rad1 Bxd4+ 22. Qxd4 Qc7 23. b3 Rae8 24. Rfe1 Nc2 25.
Rxe8 0-1

[Event "Early-Titled-Tuesday-Blitz-December-26-2023"]
[Site "Chess.com"]
[Date "2023.12.26"]
[Round "1"]
[White "BardArtem"]
[Black "chess_blitz00"]
[Result "1-0"]
[WhiteElo "2702"]
[BlackElo "2401"]
[TimeControl "180+1"]
[EndTime "8:04:52 PST"]
[Termination "BardArtem won on time"]

1. e4 d6 2. d4 e5 3. Nf3 Bg4 4. dxe5 Bxf3 5. Qxf3 dxe5 6. Bc4 Qf6 7. Qb3 Nc6 8. O-O O-O-O 9. Nc3 Na5 10. Qa4 Nxc4 11. Qxc4 c6 12. Be3 Kb8 13. Rfd1 Rc8 14. Qa4 c5 15. Rd7 Ne7 16. Rad1 Qc6 17. Qb3 1-0

[Event "Early-Titled-Tuesday-Blitz-December-26-2023"]
[Site "Chess.com"]
[Date "2023.12.26"]
[Round "1"]
[White "ftorodent"]
[Black "Aleksandar-Topalov"]
[Result "1-0"]
[WhiteElo "2662"]
[BlackElo "2338"]
[TimeControl "180+1"]
[EndTime "8:04:53 PST"]
[Termination "ftorodent won by resignation"]

1. d4 Nf6 2. c4 c5 3. d5 d6 4. Nc3 g6 5. e4 Bg7 6. h3 O-O 7. Nf3 e6 8. Bd3 exd5 9. exd5 Re8+ 10. Be3 Nfd7 11. O-O Ne5 12. Nxe5 Bxe5 13. Qd2 f5 14. Bg5 Bf6 15. Bxf6 Qxf6 16. Rae1 Rxe1 17. Rxe1 Bd7 18. Qf4 Kf7 19. Nb5 Bxb5 20. cxb5 Nd7 21. Re6 Qd4 22. Qxd6 Nf8 23. Re7+ Kg8 24. Bf1 Qxb2 25.
Qxc5 Qxa2 26. d6 Qd2 27. Qe5 1-0

[Event "Early-Titled-Tuesday-Blitz-December-26-2023"]
[Site "Chess.com"]
[Date "2023.12.26"]
[Round "1"]
[White "only_strong_moves"]
[Black "rasmussvane"]
[Result "0-1"]
[WhiteElo "2520"]
[BlackElo "2925"]
[TimeControl "180+1"]
[EndTime "8:04:54 PST"]
[Termination "rasmussvane won by resignation"]

1. d4 d5 2. Nc3 Nf6 3. Bf4 c5 4.
e4 Nxe4 5. Nxe4 dxe4 6. dxc5 Qa5+ 7. c3 Qxc5 8. Qa4+ Nc6 9. Qxe4 g6 10. Nf3 Bg7 11.
Qe3 Qxe3+ 12. Bxe3 Be6 13. Be2 O-O 14. O-O Rfd8 15. a4 Na5 16. Nd4 Bxd4 17. cxd4 Bc4 18. Rfe1 Bxe2 19. Rxe2 Rd5 20. Rc1 Nc6 21. Rc4 Rad8 22. g4 f6 23. h3 Kf7 24. Kg2 Nxd4 25.
Re1 Nc6 26. b4 a6 27. Bb6 R8d7 28. Rb1 Ne5 29. Re4 g5 30. b5 axb5 31. Rxb5 Rxb5 32.
axb5 Rd5 33. Ra4 Rxb5 34. Bd4 Ng6 35. Ra8 Nf4+ 36. Kg3 Ne2+ 0-1

[Event "Early-Titled-Tuesday-Blitz-December-26-2023"]
[Site "Chess.com"]
[Date "2023.12.26"]
[Round "1"]
[White "Aygehovit1992"]
[Black "PavelChernomordik"]
[Result "1-0"]
[WhiteElo "2771"]
[BlackElo "2450"]
[TimeControl "180+1"]
[EndTime "8:04:54 PST"]
[Termination "Aygehovit1992 won by resignation"]

1. e4 g6 2. d4 Bg7 3. Nc3 d6 4. f4 a6 5. Nf3 b5 6. Bd3 Nd7 7. a4 b4 8. Ne2 c5 9. c3 bxc3 10.
bxc3 Bb7 11. Rb1 Qc7 12. O-O Nh6 13. Qe1 O-O 14. f5 Nf6 15. Qh4 Nhg4 16. h3 c4 17. Bc2 Bxe4 18. Bxe4 Nxe4 19. hxg4 Qd7 20. Bh6 Qxa4 21. Bxg7 Kxg7 22. Qxe7 Rae8 23. Qh4 Qc2 24.
Ng3 f6 25. Rb7+ 1-0

[Event "Early-Titled-Tuesday-Blitz-December-26-2023"]
[Site "Chess.com"]
[Date "2023.12.26"]
[Round "1"]
[White "Nechitaylo_Nikita"]
[Black "viktorskliarov"]
[Result "0-1"]
[WhiteElo "2315"]
[BlackElo "2645"]
[TimeControl "180+1"]
[EndTime "8:05:00 PST"]
[Termination "viktorskliarov won by resignation"]

1. d4 Nf6 2. c4 e6 3. Nc3 Bb4 4. e3 b6 5. Ne2 Ne4 6. Qc2 Bb7 7. a3 Bxc3+ 8. Nxc3 Nxc3 9. Qxc3 O-O 10. b4 d6 11. Bb2 a5 12. d5 Qg5 13. h4 axb4 14. axb4 Rxa1+ 15. Bxa1 Qg6 16. Bd3 Qxg2 17. Be4 Qg4 18.
Qd3 f5 19. dxe6 Bxe4 20. Qd4 Bxh1 21. e7 Re8 22. f4 Rxe7 0-1

[Event "Early-Titled-Tuesday-Blitz-December-26-2023"]
[Site "Chess.com"]
[Date "2023.12.26"]
[Round "1"]
[White "Bauman_Guy"]
[Black "The_Straightforward_Rook"]
[Result "1-0"]
[WhiteElo "2889"]
[BlackElo "2513"]
[TimeControl "180+1"]
[EndTime "8:05:13 PST"]
[Termination "Bauman_Guy won by resignation"]

1. e4 c6 2. d4 d5 3. e5 Bf5 4. h4 h5 5. Bd3 Bxd3 6. Qxd3 e6 7. Nf3 Qa5+ 8. Nbd2 c5 9. c4 dxc4 10. Qxc4 Nc6 11.
O-O cxd4 12. Ne4 Nh6 13. Bxh6 Rxh6 14. b4 Qd5 15. Qd3 Nxb4 16. Qb1 d3 17. Nc3 Qc6 18. Qb3 Rg6 19. Ng5 Bc5 20. Nce4 b6 21. a3 Nc2 22. Rad1 f6 23. Qxd3 fxg5 24. Nd6+ Kf8 25. Qxg6 Bxd6 26. Rxd6 Qc4 27. Rd7 1-0

[Event "Early-Titled-Tuesday-Blitz-December-26-2023"]
[Site "Chess.com"]
[Date "2023.12.26"]
[Round "1"]
[White "Andrei_Skvortsov"]
[Black "Matols"]
[Result "1/2-1/2"]
[WhiteElo "2690"]
[BlackElo "2401"]
[TimeControl "180+1"]
[EndTime "8:05:16 PST"]
[Termination "Game drawn by repetition"]

1. e4 c6 2. e5 d5 3. exd6 exd6 4. Nf3 Nf6 5. Bd3 Be7 6. O-O O-O 7. h3 d5 8. Re1 Re8 9. c3 Nbd7 10. Bc2 Nf8 11. d4 Ng6 12. Nbd2 Bd7 13. Ne5 Qc8 14. Nxd7 Qxd7 15.
Nf3 Bd6 16. Bg5 Ne4 17. Be3 Bc7 18. Nd2 Qd6 19. Nf1 Nf4 20. f3 Nxh3+ 21. gxh3 Qg6+ 22.
Kh1 Ng3+ 23. Nxg3 Qxg3 24. Qd2 Qxf3+ 25. Kg1 Qg3+ 26. Kf1 Qxh3+ 27. Kg1 Qg3+ 28. Kf1 Qh3+ 29. Kg1 Qg3+ 30. Kf1 Qh3+ 1/2-1/2

[Event "Early-Titled-Tuesday-Blitz-December-26-2023"]
[Site "Chess.com"]
[Date "2023.12.26"]
[Round "1"]
[White "Pastore1978"]
[Black "Macron20hTF1"]
[Result "0-1"]
[WhiteElo "2213"]
[BlackElo "2596"]
[TimeControl "180+1"]
[EndTime "8:05:16 PST"]
[Termination "Macron20hTF1 won by checkmate"]

1. e4 c6 2. d4 d5 3. exd5 cxd5 4.
Bd3 Nf6 5. c3 Bg4 6. Qb3 Qc7 7. h3 Bh5 8. g4 Bg6 9. g5 Bxd3 10.
gxf6 Be4 11. f3 Qg3+ 12. Kd2 Qf4+ 13. Ke2 Qxc1 14. fxe4 Nd7 15. exd5 gxf6 16. Kf2 Rg8 17. a4 Bh6 18. Qa2 Rg5 19. Na3 Rf5+ 20. Kg2 Qg5+ 21. Kh2 Rf2# 0-1

[Event "Early-Titled-Tuesday-Blitz-December-26-2023"]
[Site "Chess.com"]
[Date "2023.12.26"]
[Round "1"]
[White "Siniauski"]
[Black "matagordo"]
[Result "1-0"]
[WhiteElo "2597"]
[BlackElo "2223"]
[TimeControl "180+1"]
[EndTime "8:05:24 PST"]
[Termination "Siniauski won by resignation"]

1. e4 e6 2. d4 d5 3. Nc3 Nf6 4. Bg5 Be7 5. e5 Nfd7 6. Bxe7 Qxe7 7. f4 a6 8. Nf3 c5 9. dxc5 Nc6 10. Bd3 Nxc5 11. a3 b5 12. Ne2 Rb8 13. O-O a5 14.
Ned4 Nxd4 15. Nxd4 g6 16. Nc6 Qb7 17. Nxb8 Qxb8 18.
b4 Na4 19. Qd2 O-O 20. Rab1 Qa7+ 21. Kh1 axb4 22. Qxb4 Bd7 23. Bxb5 Bxb5 24. Qxb5 Nc3 25. Qb6 Qxa3 26. Rb3 Na4 27. Qd4 Qa2 28. Ra1 Qxc2 29.
Qxa4 Rc8 30. Rb8 1-0

[Event "Early-Titled-Tuesday-Blitz-December-26-2023"]
[Site "Chess.com"]
[Date "2023.12.26"]
[Round "1"]
[White "TheChessKitchenTwitch"]
[Black "Alex_Sahakyan2006"]
[Result "0-1"]
[WhiteElo "2429"]
[BlackElo "2715"]
[TimeControl "180+1"]
[EndTime "8:05:30 PST"]
[Termination "Alex_Sahakyan2006 won by resignation"]

1. e4 Nc6 2. Nc3 g6 3. f4 Bg7 4.
Nf3 d6 5. Bc4 Nf6 6. d3 O-O 7. O-O Na5 8. Bb3 Nxb3 9. axb3 b6 10.
Qe1 Bb7 11. Qh4 e6 12. f5 exf5 13. exf5 Bxf3 14. Rxf3 Nh5 15. Bg5 Bf6 16. fxg6 fxg6 17. Bxf6 Rxf6 18. Rxf6 Nxf6 19. Rf1 Kg7 20. Ne4 Nxe4 21.
Qxe4 Qe8 22. Qb7 Rc8 23. Qxa7 Qc6 24. c4 Ra8 0-1

[Event "Early-Titled-Tuesday-Blitz-December-26-2023"]
[Site "Chess.com"]
[Date "2023.12.26"]
[Round "1"]
[White "LeoWin2012"]
[Black "sheldons73tshirt"]
[Result "0-1"]
[WhiteElo "2237"]
[BlackElo "2617"]
[TimeControl "180+1"]
[EndTime "8:05:30 PST"]
[Termination "sheldons73tshirt won by resignation"]

1. e4 e6 2. d4 d5 3. exd5 exd5 4.
Bd3 Nc6 5. c3 Bd6 6. Nf3 Nge7 7.
h3 Bf5 8. O-O Qd7 9. b4 O-O 10.
Re1 a6 11. a4 Ng6 12. Be3 Rfe8 13. Qc2 Be4 14. Nbd2 f5 15. c4 Nxb4 16. Bxe4 Nxc2 17. Bxc2 f4 18. Bxg6 hxg6 19. Ne5 Bxe5 20. dxe5 fxe3 21. Rxe3 d4 22. Rg3 Qf5 23. Nf3 Rad8 24. a5 d3 0-1

[Event "Early-Titled-Tuesday-Blitz-December-26-2023"]
[Site "Chess.com"]
[Date "2023.12.26"]
[Round "1"]
[White "Legendinunknown"]
[Black "Zq1"]
[Result "1-0"]
[WhiteElo "2706"]
[BlackElo "2407"]
[TimeControl "180+1"]
[EndTime "8:05:36 PST"]
[Termination "Legendinunknown won by resignation"]

1. e4 c5 2. Nf3 d6 3. d4 cxd4 4. Nxd4 Nf6 5. Nc3 Nc6 6. Bg5 e6 7. Qd3 Be7 8. O-O-O Nxd4 9. Qxd4 O-O 10. f4 a6 11. Kb1 b5 12. Be2 Bb7 13. Bf3 Rc8 14.
e5 Bxf3 15. exf6 gxf6 16. gxf3 fxg5 17. fxg5 Rc4 18. Qd3 Bxg5 19. Rhg1 Kh8 20. Ne4 Be7 21.
b3 Rc8 22. Qd4+ e5 23. Qe3 Rg8 24. Rxg8+ Qxg8 25. Nxd6 Bxd6 26. Rxd6 Qg7 27. Qd2 Rg8 28. Rxa6 Qg1+ 29. Kb2 Qc5 30. Qc3 Qxc3+ 31. Kxc3 Rg2 32. Rb6 Rxh2 33. Rxb5 f6 34. a4 Rh1 35. a5 h5 36.
Kb2 Rd1 37. a6 Rd8 38. a7 1-0

[Event "Early-Titled-Tuesday-Blitz-December-26-2023"]
[Site "Chess.com"]
[Date "2023.12.26"]
[Round "1"]
[White "Hikaru"]
[Black "AGW2016"]
[Result "1-0"]
[WhiteElo "3220"]
[BlackElo "2550"]
[TimeControl "180+1"]
[EndTime "8:05:37 PST"]
[Termination "Hikaru won by resignation"]

1. Nf3 Nf6 2. b3 d6 3. Bb2 g6 4. d4 Bg7 5. e3 O-O 6. Be2 b6 7. O-O Bb7 8. c4 Nbd7 9. Qc2 Ne4 10. Rd1 a5 11. Na3 Ndf6 12. d5 Nc5 13. Nb5 c6 14. dxc6 Bxc6 15. Nfd4 Be4 16. Qc1 Bb7 17. f3 Nfd7 18.
e4 Ne5 19. Nc3 Nc6 20. Nxc6 Bxc6 21. Nd5 Bxd5 22. Bxg7 Kxg7 23. Rxd5 Qc7 24. Qb2+ e5 25. Rad1 Rfd8 26. Rxd6 f6 27. R6d5 Ne6 28. Qd2 Nd4 29.
Bd3 Rxd5 30. exd5 Qc5 31. Kh1 Re8 32. Bf1 Nf5 33. Re1 h5 34. g3 Nd6 35. Kg2 e4 36.
fxe4 Nxe4 37. Qc2 h4 38. Rxe4 1-0

[Event "Early-Titled-Tuesday-Blitz-December-26-2023"]
[Site "Chess.com"]
[Date "2023.12.26"]
[Round "1"]
[White "DarkAlekhine"]
[Black "NovakRatko"]
[Result "1-0"]
[WhiteElo "2719"]
[BlackElo "2429"]
[TimeControl "180+1"]
[EndTime "8:05:39 PST"]
[Termination "DarkAlekhine won by resignation"]

1. e4 d5 2. exd5 c6 3. dxc6 Nxc6 4. Nf3 e5 5. Nc3 Bd6 6. Bb5 Ne7 7. O-O O-O 8. h3 a6 9. Bxc6 Nxc6 10. Re1 f5 11. d3 h6 12. a3 b5 13. b3 Bb7 14. Bb2 Rc8 15. a4 b4 16. Nd5 Re8 17. Ne3 Qf6 18. Nc4 Bc7 19. a5 Rcd8 20. Re2 Nd4 21. Bxd4 exd4 22. Qe1 Rxe2 23. Qxe2 Bd5 24. Re1 Bxc4 25. bxc4 Bxa5 26. Qe6+ Qxe6 27. Rxe6 Ra8 28. Nxd4 Bb6 29. Rxb6 a5 30. c5 1-0

[Event "Early-Titled-Tuesday-Blitz-December-26-2023"]
[Site "Chess.com"]
[Date "2023.12.26"]
[Round "1"]
[White "slorovel"]
[Black "AsaHoffmann"]
[Result "1-0"]
[WhiteElo "2644"]
[BlackElo "2313"]
[TimeControl "180+1"]
[EndTime "8:05:39 PST"]
[Termination "slorovel won by resignation"]

1. e4 d6 2. g3 g6 3. Bg2 Bg7 4. Ne2 c5 5. O-O Nc6 6. c3 Nf6 7. d4 cxd4 8. cxd4 O-O 9. Nbc3 e5 10. d5 Ne7 11. h3 Ne8 12. f4 f5 13. fxe5 dxe5 14. Be3 Nd6 15. b3 b6 16. a4 Ba6 17.
Qd2 Rc8 18. Rac1 Qd7 19. h4 fxe4 20. Rxf8+ Rxf8 21. Nxe4 Nef5 22. Bf2 Bxe2 23. Qxe2 Nd4 24. Qd3 Qf5 25. Rf1 Nxe4 26. Qxe4 Qxe4 27. Bxe4 Bh6 28. Rd1 Rd8 29. b4 Ne2+ 30. Kg2 Nc3 31. Re1 Nxa4 32. Bf3 Bg7 33. Rc1 Nb2 34. Be4 a5 35. Bxb6 Rb8 36. bxa5 Bf8 37. Bc7 1-0

[Event "Early-Titled-Tuesday-Blitz-December-26-2023"]
[Site "Chess.com"]
[Date "2023.12.26"]
[Round "1"]
[White "Kacparov"]
[Black "Agent-JL"]
[Result "1-0"]
[WhiteElo "2953"]
[BlackElo "2526"]
[TimeControl "180+1"]
[EndTime "8:05:41 PST"]
[Termination "Kacparov won by resignation"]

1. e4 c5 2. Nf3 e6 3. d4 cxd4 4. Nxd4 Nc6 5. Nc3 Qc7 6. Be2 a6 7. Be3 b5 8. O-O Bb7 9. Nxc6 Bxc6 10. Bf3 Nf6 11. a3 Be7 12. Re1 O-O 13. Bd4 d6 14. e5 dxe5 15. Bxe5 Qb7 16. Bxc6 Qxc6 17. Qe2 Rfd8 18.
h3 Rac8 19. Rad1 h6 20. Rd3 Rxd3 21. Qxd3 Rd8 22. Qe2 Nd5 23. Nxd5 Qxd5 24. Qg4 Bf8 25.
Bc3 Rc8 26. Rd1 Qc4 27. Qxc4 bxc4 28. Rd7 Bc5 29. Kf1 Kf8 30. Ke2 Ke8 31. Rb7 Kf8 32. g4 Kg8 33. h4 Rc6 34. h5 f6 35. f4 Bd6 36. Kf3 Bc7 37. Ke4 Rc5 38. f5 e5 39. Bb4 Rc6 40. Kd5 1-0

[Event "Early-Titled-Tuesday-Blitz-December-26-2023"]
[Site "Chess.com"]
[Date "2023.12.26"]
[Round "1"]
[White "Aradhya2000"]
[Black "Kotofeyca"]
[Result "1-0"]
[WhiteElo "2712"]
[BlackElo "2425"]
[TimeControl "180+1"]
[EndTime "8:05:44 PST"]
[Termination "Aradhya2000 won by checkmate"]

1. d4 d5 2. c4 c6 3. Nf3 Nf6 4. Nc3 dxc4 5. e4 b5 6. Be2 b4 7. Na4 Nxe4 8. Bxc4 Nd6 9. Bb3 a5 10. d5 cxd5 11. Bxd5 Bb7 12. O-O e6 13. Bxb7 Nxb7 14. Qe2 Qd6 15. Bg5 h6 16. Bh4 Be7 17. Bxe7 Kxe7 18.
Rfd1 Qa6 19. Qe4 Qc6 20. Qh4+ g5 21. Nxg5 hxg5 22. Qxh8 Qxa4 23. Rac1 Nd6 24. Rxd6 Kxd6 25. Qd8+ Ke5 26. Qxg5+ Kd6 27. Qd8+ Ke5 28. Rc5+ Ke4 29. f3+ Ke3 30. Re5+ Kf4 31. Qd4# 1-0

[Event "Early-Titled-Tuesday-Blitz-December-26-2023"]
[Site "Chess.com"]
[Date "2023.12.26"]
[Round "1"]
[White "patzersame"]
[Black "Alexei_Gubajdullin"]
[Result "0-1"]
[WhiteElo "2354"]
[BlackElo "2662"]
[TimeControl "180+1"]
[EndTime "8:05:51 PST"]
[Termination "Alexei_Gubajdullin won by resignation"]

1. e4 g6 2. d4 Bg7 3. Nc3 d6 4. Be2 a6 5. a4 Nd7 6. Be3 b6 7.
f4 Bb7 8. Bf3 e5 9. Nge2 Ngf6 10. Qd2 O-O 11. fxe5 dxe5 12. Bh6 exd4 13. Nxd4 Ne5 14.
Bxg7 Kxg7 15. O-O-O h6 16. Qf4 Qe7 17. h4 Nc4 18. e5 Nh5 19. Bxh5 c5 20. Nb3 Qxe5 21. Qxe5+ Nxe5 22. Bf3 Nxf3 23. gxf3 Bxf3 24. Rhf1 Bxd1 25. Rxd1 Rad8 26. Rxd8 Rxd8 27. a5 bxa5 28. Nxc5 g5 29. hxg5 hxg5 30. N3e4 g4 31. c4 Rd4 32. b3 a4 33. Ng5 Kg6 34. Nxf7 Kxf7 0-1

[Event "Early-Titled-Tuesday-Blitz-December-26-2023"]
[Site "Chess.com"]
[Date "2023.12.26"]
[Round "1"]
[White "PawnEatingZombie"]
[Black "ChessRespected"]
[Result "0-1"]
[WhiteElo "2150"]
[BlackElo "2585"]
[TimeControl "180+1"]
[EndTime "8:05:53 PST"]
[Termination "ChessRespected won by resignation"]

1. e4 e5 2. Nf3 Nc6 3. d3 Nf6 4. c3 d5 5. Nbd2 Bc5 6. Be2 a5 7. O-O O-O 8. b3 Re8 9. Bb2 Ba7 10. a3 dxe4 11. Nxe4 Bf5 12. Qc2 Nd5 13. Rfe1 Nf4 14. Bf1 Bg4 15. Nfd2 f5 16. Ng3 Qh4 17. Nc4 Rad8 18.
Ne3 Qg5 19. Nxg4 Qxg4 20. b4 h5 21. h3 Nxh3+ 22. gxh3 Qxg3+ 23. Bg2 e4 24. dxe4 Ne5 25. Kf1 Qh2 26. exf5 Nc4 27. Bc1 Rxe1+ 0-1

[Event "Early-Titled-Tuesday-Blitz-December-26-2023"]
[Site "Chess.com"]
[Date "2023.12.26"]
[Round "1"]
[White "whitemirrorninja"]
[Black "Msb2"]
[Result "0-1"]
[WhiteElo "2542"]
[BlackElo "3026"]
[TimeControl "180+1"]
[EndTime "8:05:54 PST"]
[Termination "Msb2 won by resignation"]

1. d4 d5 2. c4 e6 3. Nf3 Nf6 4. g3 Nc6 5. Nbd2 Bd6 6. Bg2 O-O 7. O-O a5 8. e3 a4 9. Re1 h6 10. e4 dxe4 11. Nxe4 Nxe4 12. Rxe4 e5 13. dxe5 Nxe5 14. Bf4 Nxf3+ 15. Qxf3 Ra6 16. Rd1 Qf6 17. Bxd6 Rxd6 18. Rxd6 Qxd6 19. Qe2 a3 20. b3 Be6 21. h3 Rd8 22. Kh2 Qd2 23. Rxe6 fxe6 24. Qxe6+ Kh8 25. Qf5 Qd7 26. Qc5 Qd6 27. Qf5 Rf8 28. Qc2 Qd4 29.
f4 Qb2 30. Qg6 Qxa2 31. h4 Qb2 32. Kh3 Qxg2+ 33. Kxg2 a2 34. f5 a1=Q 35. f6 Qxf6 0-1

[Event "Early-Titled-Tuesday-Blitz-December-26-2023"]
[Site "Chess.com"]
[Date "2023.12.26"]
[Round "1"]
[White "Klavdia_Nik"]
[Black "anasta10"]
[Result "0-1"]
[WhiteElo "1987"]
[BlackElo "2558"]
[TimeControl "180+1"]
[EndTime "8:05:56 PST"]
[Termination "anasta10 won by resignation"]

1. Nf3 Nf6 2. c4 g6 3. b3 Bg7 4.
Bb2 O-O 5. g3 c5 6. Bg2 Nc6 7.
O-O d6 8. d4 Ne4 9. e3 a5 10.
Nc3 Nxc3 11. Bxc3 a4 12. h3 Bd7 13. Qd2 Qc8 14. Kh2 Rd8 15. d5 Nb4 16. a3 Na6 17.
Bxg7 Kxg7 18. Qc3+ f6 19. b4 cxb4 20. axb4 b5 21. Nd2 bxc4 22. Rfc1 Qb7 23. Nxc4 Qxb4 24. Na5 Qxc3 25. Rxc3 Nc5 26. Nc6 Bxc6 27. dxc6 Rdc8 28.
f4 Ra7 29. Raa3 Kf7 30. g4 e6 31. Kg3 Ke7 32. Rc4 Rcc7 33. Bf3 Ra5 34. h4 d5 35. Rc1 Rxc6 36. e4 Nxe4+ 0-1

[Event "Early-Titled-Tuesday-Blitz-December-26-2023"]
[Site "Chess.com"]
[Date "2023.12.26"]
[Round "1"]
[White "chenrip"]
[Black "Mikasinski"]
[Result "1-0"]
[WhiteElo "2358"]
[BlackElo "2641"]
[TimeControl "180+1"]
[EndTime "8:05:57 PST"]
[Termination "chenrip won by resignation"]

1. e4 c5 2. Nf3 d6 3. Bb5+ Bd7 4. a4 Nf6 5. Nc3 Nc6 6. O-O g6 7. d3 Bg7 8. h3 O-O 9. Be3 Rc8 10. Qd2 a6 11.
Bc4 e6 12. Bh6 Qa5 13. Bxg7 Kxg7 14. Qg5 h6 15. Qg3 Qc7 16. Rfe1 Nb4 17. Rac1 d5 18.
exd5 Qxg3 19. fxg3 exd5 20. Bb3 Rfe8 21. d4 Rxe1+ 22.
Nxe1 cxd4 23. Na2 Nxa2 24. Bxa2 Bxa4 25. Rd1 Bxc2 26. Rxd4 Bf5 27. g4 Be6 28. Kf2 Ne4+ 29. Ke2 Rc1 30. Bxd5 Bxd5 31. Rxd5 Nf6 32. Rd6 Rb1 33.
Rb6 a5 34. Rxb7 a4 35. Rb4 Ra1 36. Nc2 Ra2 37. Kd1 Nd5 38. Rb7 Kf6 39. Kc1 a3 40.
bxa3 Nc3 41. Rb3 Nd5 42. Kb1 Rxc2 43. Kxc2 Ke5 44. a4 f5 45. gxf5 gxf5 46. a5 Nc7 47. Rb6 1-0

[Event "Early-Titled-Tuesday-Blitz-December-26-2023"]
[Site "Chess.com"]
[Date "2023.12.26"]
[Round "1"]
[White "JafarTheParrot"]
[Black "vugarrasulov"]
[Result "0-1"]
[WhiteElo "2521"]
[BlackElo "2937"]
[TimeControl "180+1"]
[EndTime "8:05:58 PST"]
[Termination "vugarrasulov won by resignation"]

1. d4 Nf6 2. Nf3 e6 3. e3 g6 4. Bd3 Bg7 5. e4 d6 6. O-O O-O 7. Qe2 Nc6 8. a3 e5 9. dxe5 Nxe5 10. Nxe5 dxe5 11. b4 Nh5 12. Rd1 Nf4 13. Qf3 Qg5 14. Qg3 Qh5 15. Nc3 a5 16. b5 Be6 17. Be3 Rad8 18.
Bf1 Bf6 19. h3 b6 20. Kh2 Bh4 21. Qf3 Qxf3 22. gxf3 Be7 23. Bxf4 exf4 24. Nd5 Bd6 25. Bc4 Kg7 26. a4 h5 27. Kg2 Kh6 28. Bb3 g5 29. Nc3 Bc8 30. Bd5 Be5 31. Ra3 f5 32.
Ne2 g4 33. hxg4 fxg4 34. fxg4 hxg4 35. Rh1+ Kg5 36. Nc1 f3+ 37. Kf1 Rh8 38. Rxh8 Rxh8 39. Kg1 Bh2+ 40. Kf1 Bd6 0-1

[Event "Early-Titled-Tuesday-Blitz-December-26-2023"]
[Site "Chess.com"]
[Date "2023.12.26"]
[Round "1"]
[White "DucksParadise"]
[Black "Eternauta2400"]
[Result "0-1"]
[WhiteElo "2473"]
[BlackElo "2805"]
[TimeControl "180+1"]
[EndTime "8:05:58 PST"]
[Termination "Eternauta2400 won by resignation"]

1. Nf3 d5 2. g3 Nc6 3. d4 Bf5 4. Bg2 Nb4 5. Na3 e6 6. c3 Nc6 7. Nc2 Be7 8. O-O h6 9. Nce1 Nf6 10. Nd3 O-O 11. Nfe5 Nxe5 12. Nxe5 c5 13. Be3 c4 14.
b3 b5 15. a4 a6 16. Nc6 Qd7 17. Nxe7+ Qxe7 18. b4 Bg6 19. Bf4 Qb7 20. Qc1 a5 21. bxa5 Rxa5 22. axb5 Rxb5 23. Bd6 Rd8 24. Bb4 Rb8 25.
Qa3 Qb6 26. Qa7 Ne4 27. Qxb6 R5xb6 28. Ra7 Nd2 29. Rfa1 Nb3 30. R1a6 Nxd4 31. Rxb6 Rxb6 32. cxd4 Rxb4 33. Rc7 Rb2 34. Bf1 Rd2 35. e3 Rd1 36. Kg2 Be4+ 37. f3 Rd2+ 38. Kh3 Bxf3 39. g4 Be2 40. Bg2 Bxg4+ 41. Kg3 Bf5 42. e4 Bxe4 43. Bxe4 dxe4 44. Rxc4 g5 0-1

[Event "Early-Titled-Tuesday-Blitz-December-26-2023"]
[Site "Chess.com"]
[Date "2023.12.26"]
[Round "1"]
[White "jacky72"]
[Black "zverr1"]
[Result "1-0"]
[WhiteElo "2825"]
[BlackElo "2482"]
[TimeControl "180+1"]
[EndTime "8:06:01 PST"]
[Termination "jacky72 won by checkmate"]

1. e4 c5 2. b3 g6 3. Bb2 Nf6 4. e5 Nd5 5. c4 Nc7 6. d4 cxd4 7.
Nf3 Nc6 8. Nxd4 Bg7 9. Nxc6 bxc6 10. Be2 d6 11. Bf3 Bb7 12. Qe2 dxe5 13. Bxe5 O-O 14. O-O Ne6 15. Bxg7 Kxg7 16. Qe5+ Kg8 17. Rd1 Qb8 18.
Qxb8 Raxb8 19. Nc3 c5 20. Bxb7 Rxb7 21. Na4 Rc8 22.
Rd5 Rbc7 23. Rad1 f6 24. g3 Kf7 25. Kg2 Ke8 26. h4 Kf7 27. h5 g5 28. f3 Ke8 29. Kf2 Kf7 30. Ke3 Ke8 31. R1d3 Kf7 32. Rd7 Ke8 33. Rxc7 Rxc7 34. Rd5 Rd7 35. Ke4 Rc7 36. f4 Kf7 37. f5 Ng7 38. g4 Ne8 39.
Nxc5 Nd6+ 40. Kd4 Rc8 41. Ne6 Rc6 42. Nd8+ Ke8 43. Nxc6 Kd7 44. Nxa7 Kc7 45. Nb5+ Nxb5+ 46. cxb5 Kc8 47. Kc5 Kc7 48. b6+ Kb7 49. Rd7+ Kb8 50. Kc6 Kc8 51. a4 Kb8 52. Rd8# 1-0

[Event "Early-Titled-Tuesday-Blitz-December-26-2023"]
[Site "Chess.com"]
[Date "2023.12.26"]
[Round "1"]
[White "KVAIDAN"]
[Black "SaqoChess_Twitch"]
[Result "0-1"]
[WhiteElo "2343"]
[BlackElo "2659"]
[TimeControl "180+1"]
[EndTime "8:06:05 PST"]
[Termination "SaqoChess_Twitch won by checkmate"]

1. f4 d5 2. Nf3 c5 3. e3 Nc6 4. Bb5 e6 5. b3 Bd6 6. Bb2 f6 7.
O-O Ne7 8. d3 O-O 9. Qe1 a6 10.
Bxc6 Nxc6 11. Qg3 Qe7 12. Nbd2 b5 13. e4 d4 14. Rae1 Qf7 15. e5 Be7 16. Ne4 f5 17.
Neg5 Qh5 18. a3 h6 19. Nh3 Bb7 20. Nf2 Kh7 21. c3 dxc3 22. Bxc3 Rad8 23. Rd1 Nd4 24.
Nxd4 cxd4 25. Bb4 Bxb4 26. axb4 Rc8 27. Rc1 g5 28. Rc5 Rxc5 29. bxc5 Rg8 30. Qh3 gxf4 31.
g3 Qf3 32. Ne4 Qe3+ 33. Rf2 Bxe4 34. dxe4 fxg3 35. hxg3 Rxg3+ 36. Qxg3 Qxg3+ 37. Rg2 Qe1+ 38. Kh2 Qxe4 39. c6 Qxe5+ 40. Kh3 Qc5 41. Kh4 Qxc6 42.
Rg3 Qh1+ 43. Rh3 Qe4+ 44. Kg3 Qg4+ 45. Kh2 e5 46. b4 e4 47. Rg3 Qxg3+ 48. Kxg3 Kg6 49.
Kf4 Kf6 50. Kg3 Ke6 51. Kf4 Kd6 52. Kxf5 Kd5 53. Kf4 Kc4 54. Kxe4 Kxb4 55. Kxd4 a5 56. Kd3 a4 57. Kc2 h5 58. Kb2 h4 59. Ka2 h3 60.
Kb1 h2 61. Ka2 h1=Q 62. Kb2 Qh3 63. Kb1 a3 64. Ka2 Qh2+ 65. Ka1 Qb2# 0-1

[Event "Early-Titled-Tuesday-Blitz-December-26-2023"]
[Site "Chess.com"]
[Date "2023.12.26"]
[Round "1"]
[White "CFalcons8"]
[Black "nindjaxx8"]
[Result "0-1"]
[WhiteElo "2202"]
[BlackElo "2591"]
[TimeControl "180+1"]
[EndTime "8:06:11 PST"]
[Termination "nindjaxx8 won on time"]

1. e4 e6 2. d4 d5 3. Nd2 c5 4. exd5 Qxd5 5. Ngf3 cxd4 6. Bc4 Qd6 7. O-O Nf6 8. Nb3 Nc6 9. Nbxd4 Nxd4 10. Nxd4 Be7 11.
c3 O-O 12. Qf3 Qc7 13. Bb3 a5 14. Bf4 e5 15. Bg3 Bg4 16. Qd3 Qc5 17. Nf5 e4 18.
Nxe7+ Qxe7 19. Qe3 Bf5 20. Rad1 Rfd8 21. h3 Bg6 22.
Rd4 Rxd4 23. Qxd4 Rd8 24. Qb6 h6 25. Qxa5 Rd2 26. c4 Rxb2 27. Qc3 Re2 28. c5 e3 29. Bd6 exf2+ 30. Rxf2 Qe4 31. Rxe2 Qxe2 32. Kh2 Be4 33. Qg3 Bc6 34. Be5 Nh5 35. Qg6 Qxe5+ 0-1